 Seeded DCSS version 0.29.1-15-g9cfb28693d (webtiles) character file.

Game seed: 131 (custom seed)

56 blackman0220 the Grave Robber (level 3, 0/20 HPs)
             Began as a Vampire Necromancer on Apr 11, 2023.
             Slain by a kobold
             ... wielding a +0 whip
              (2 damage)
             ... on level 3 of the Dungeon.
             The game lasted 00:10:24 (799 turns).

blackman0220 the Grave Robber (Vampire Necromancer)  Turns: 799, Time: 00:10:24

Health: 0/20       AC:  4    Str:  5 (7)  XL:     3   Next: 71%
Magic:  7/7        EV:  8    Int: 17 (19) God:
Gold:   18         SH:  0    Dex: 12 (14) Spells: 6/7 levels left

rFire   . . .      SeeInvis +   d - +0 dagger
rCold   + + .      Faith    .   (no shield)
rNeg    + + +      Spirit   .   g - +0 troll leather armour
rPois   ∞          Reflect  .   (no helmet)
rElec   .          Harm     .   (no cloak)
rCorr   .          Rampage  .   (no gloves)
Will    .....                   (no boots)
Stlth   ++++......              (no amulet)
HPRegen 0.00/turn               (no ring)
MPRegen 0.10/turn               (no ring)

@: bloodless, inhibited regen, constricted
A: bloodless, fangs 3, see invisible, vampiric 2
a: Bat Form, Revivify


You were on level 3 of the Dungeon.
You visited 1 branch of the dungeon, and saw 3 of its levels.

You collected 18 gold pieces.

Inventory:

Hand Weapons
 d - a +0 dagger (weapon)
Armour
 a - a +0 robe
 g - a +0 troll leather armour (worn)
Scrolls
 f - a scroll of teleportation {unknown}
 h - a scroll of vulnerability {unknown}
 i - a scroll of identify {unknown}
Potions
 b - a potion of magic
 c - a potion of heal wounds {unknown}
 e - 2 potions of flight {unknown}


   Skills:
 + Level 0.7 Fighting
 + Level 0.1 Short Blades
 + Level 2.3 Dodging
 + Level 3.2 Stealth
 + Level 2.7 Spellcasting
 + Level 5.1 Necromancy


You had 6 spell levels left.
You knew the following spells:

 Your Spells              Type           Power      Damage    Failure   Level
a - Necrotise             Necr           76%        1d7       3%          1

Your spell library contained the following spells:

 Spells                   Type           Power      Damage    Failure   Level
 Vampiric Draining        Necr           19%        2d7       11%         3
 Animate Dead             Necr           19%        N/A       34%         4
 Agony                    Necr           19%        N/A       69%         5


Dungeon Overview and Level Annotations

Branches:
Dungeon (3/15)

Altars:


Innate Abilities, Weirdness & Mutations

You do not regenerate when monsters are visible.
You are frail without blood (-20% HP).
You can heal yourself when you bite living creatures.
You are immune to poison.
You have razor-sharp teeth.
You have supernaturally acute eyesight. (SInv)
You are afflicted with vampirism and can become a bat while bloodless.


Message History

The giant cockroach closely misses you.
The giant cockroach attacks as you move away!
The giant cockroach bites you but does no damage.
The frilled lizard attacks as you move away!
The frilled lizard misses you. The giant cockroach barely misses you.
The frilled lizard attacks as you move away!
The frilled lizard bites you but does no damage.
The giant cockroach closely misses you. The frilled lizard barely misses you.
The ball python bites you but does no damage.
The ball python barely misses you. The giant cockroach closely misses you.
The frilled lizard barely misses you. The ball python closely misses you.
Continue your ritual? [Y]es or [N]o only, please.
Continue your ritual? [Y]es or [N]o only, please.
Continue your ritual? [Y]es or [N]o only, please.
Continue your ritual? [Y]es or [N]o only, please.
Continue your ritual? The ball python grabs you.
The ball python constricts you.
You begin the revivification ritual.
You continue your ritual.
The giant cockroach barely misses you.
The ball python bites you but does no damage.
The ball python constricts you.
* * * LOW HITPOINT WARNING * * *
The frilled lizard bites you but does no damage.
The giant cockroach bites you but does no damage.
You continue your ritual.
The ball python bites you but does no damage.
The ball python constricts you. The frilled lizard misses you.
The giant cockroach bites you but does no damage.
The goblin completely misses you. The kobold closely misses you.
You continue your ritual.
The ball python bites you but does no damage.
The ball python constricts you. The frilled lizard barely misses you.
The giant cockroach closely misses you. The kobold hits you with a +0 whip.
You die...

##.## ###......
###...# #.........
###.....####.........
......................
#...........).......
#....g..."...........
#...KB...............
#...@lg.............<
#...gS......#.###..#.
#...g....#..#........
#........##..........
#........###.........
#........# ##...!...<
######.### ####.....
#.# #.##.. #. #..#...


You could see a giant cockroach, 4 goblins, a ball python, a kobold and a
frilled lizard.

Vanquished Creatures
  3 adders (D:2)
  A worm (D:2)
  A ball python (D:2)
  2 bats (D:2)
  2 endoplasms (D:2)
  4 giant cockroaches
  A hobgoblin (D:2)
  6 jackals (D:2)
  A kobold (D:1)
  A quokka (D:2)
22 creatures vanquished.

Vanquished Creatures (collateral kills)
  A rat (D:2)
1 creature vanquished.

Grand Total: 23 creatures vanquished

Notes
Turn   | Place    | Note
-------+----------+-------------------------------------------
     0 | D:1      | blackman0220 the Vampire Necromancer began the quest for
                  | the Orb.
     0 | D:1      | Reached XP level 1. HP: 13/13 MP: 3/3
   110 | D:2      | Reached XP level 2. HP: 6/19 MP: 1/5
   243 | D:2      | Identified the +1 pair of boots of Lust {Rampage SInv}
   261 | D:2      | Reached skill level 5 in Necromancy
   432 | D:2      | Gained mutation: You are afflicted with vampirism and can
                  | become a bat while bloodless. [Vampire growth]
   432 | D:2      | Reached XP level 3. HP: 24/24 MP: 1/6
   799 | D:3      | Slain by a kobold

Illustrated notes

Levels and vault maps discovered:
D:1:      minmay_arrival_checkered_box, layout_loops_ring,
          hellmonk_ecumenical_altar_defaced_shrine
D:2:      layout_loops_ring, minmay_goblin_kobold_house
D:3:      layout_rooms, nicolae_qazlal_scattered_showers,
          overflow_temple_1_default, uniq_jessica, uniq_robin

Skill      XL: |  1  2 |
---------------+-------+-----
Necromancy     | 5 |  5.1
Fighting       | |  0.7
Short Blades   | |  0.1
Dodging        | |  2.3
Stealth        | |  3.2
Spellcasting   | |  2.7

Action                   || total
-------------------------++-------
Melee: Dagger            ||    60
       Bite              ||     7
 Cast: Necrotise         ||    29
 Abil: End Transformatio ||     1
       Bat Form          ||     1
       Exsanguinate      ||     1
       Revivify          ||     1
 Stab: Distracted        ||     1
Armor: Robe              ||     3
       Troll leather arm ||    46
Dodge: Dodged            ||   109
